 Dungeon Crawl Stone Soup version 0.32-a0-699-g1ee5eff69a (webtiles) character file.

Game seed: 6428439382201048945

906 BeKind the Chiller (level 8, -1/46 HPs)
             Began as an Octopode Ice Elementalist on Mar 13, 2024.
             Slain by an ice beast (5 damage)
             ... on level 6 of the Dungeon.
             The game lasted 00:07:12 (5790 turns).

BeKind the Chiller (Octopode Ice Elementalist)      Turns: 5790, Time: 00:07:13

Health: -1/46      AC:  1    Str:  7    XL:     8   Next: 8%
Magic:  12/14      EV: 13    Int: 20    God:
Gold:   273        SH:  0    Dex: 12    Spells: 9/16 levels left

rFire   . . .        e - +0 dagger
rCold   + . .        (no shield)
rNeg    . . .        (helmet restricted)
rPois   .            (no amulet)
rElec   .            p - ring of ice
rCorr   .            (no ring)
SInv    .            (no ring)
Will    +....        (no ring)
Stlth   +++          (no ring)
HPRegen 0.27/turn    (no ring)
MPRegen 0.14/turn    (no ring)
                     (no ring)

%: no passive effects
@: enlightened, flying, hasted, very quick
A: almost no armour, amphibious, 8 rings, camouflage 1, gelatinous body 1,
(nimble swimmer 1), tentacles, fire resistance 1, sense surroundings 1,
persistent drain
a: no special abilities


You were on level 6 of the Dungeon.
You visited 1 branch of the dungeon, and saw 6 of its levels.

You collected 273 gold pieces.

Inventory:

Hand Weapons
 e - a +0 dagger (weapon)
Missiles
 b - a throwing net
Jewellery
 m - a ring of fire
 p - a ring of ice (left tentacle)
Wands
 o - a wand of flame (26)
 r - a wand of paralysis (5)
Scrolls
 c - a scroll of vulnerability
 d - 2 scrolls of enchant weapon {unknown}
 f - a scroll of blinking {unknown}
 h - 3 scrolls of identify {unknown}
 j - a scroll of torment {unknown}
 l - 4 scrolls of amnesia {unknown}
 n - 2 scrolls of revelation {unknown}
 u - a scroll of fog {unknown}
 v - 3 scrolls of fear {unknown}
 w - 3 scrolls of teleportation {unknown}
 y - a scroll of noise {unknown}
Potions
 a - a potion of magic
 g - 2 potions of degeneration {unknown}
 i - a potion of lignification {unknown}
 k - a potion of attraction {unknown}
 q - 2 potions of brilliance {unknown}
 t - a potion of enlightenment


   Skills:
 + Level 5.2 Dodging
 - Level 3.0 Stealth
 + Level 4.6 Spellcasting
 - Level 3.0 Summonings
 + Level 6.2 Ice Magic


You had 9 spell levels left.
You knew the following spells:

 Your Spells              Type           Power      Damage    Failure   Level
a - Freeze                Ice            100%       1d10      1%          1
b - Frozen Ramparts       Ice            88%        1d14      2%          3
c - Summon Ice Beast      Ice/Summ       34%        N/A       5%          3

Your spell library contained the following spells:

 Spells                   Type           Power      Damage    Failure   Level
 Ozocubu's Armour         Ice            44%        N/A       2%          3
 Ensorcelled Hibernation  Hex/Ice        50%        N/A       4%          2
 Passwall                 Erth           4%         N/A       36%         3
 Swiftness                Air            4%         N/A       36%         3


Dungeon Overview and Level Annotations

Branches:
Dungeon (6/15)
 Temple: D:4-7

Altars:
Ashenzari
Makhleb
Ru

Shops:
D:3 ?   D:4 !   D:6 (


Innate Abilities, Weirdness & Mutations

You cannot wear most types of armour.
You are amphibious.
You can wear up to eight rings at the same time.
Your skin changes colour to match your surroundings (Stealth+).
Your rubbery body absorbs attacks. (AC +1, EV +1)
((You are camouflaged when in or above water. (Stealth+)))
You have tentacles for arms and can constrict up to eight enemies at once.
Your flesh is heat resistant. (rF+)
You passively map a small area around you.
Your health recovers twice as slowly from being drained.


Message History

Your ice beast closely misses the ice beast.
You hit the ice beast but do no damage.
The ice beast is severely wounded.
The ice beast closely misses you.
Your ice beast hits the ice beast but does no damage.
You hit the ice beast but do no damage. Your squeeze misses the ice beast.
The ice beast is severely wounded.
The ice beast hits you. The ice beast freezes you. You resist.
* * * LOW HITPOINT WARNING * * *
Your ice beast barely misses the ice beast.
Casting: Summon Ice Beast (dangerous; 5% risk of failure)
Confirm with . or Enter, or press ? or * to list all spells.
Aiming: Freeze (safe; 1% risk of failure)
Press: ? - help, Shift-Dir - straight line, f - ice beast
Aim: an ice beast (severely wounded, ally target)
You feel a surge of power!
You freeze the ice beast but do no damage.
The ice beast completely resists.
The ice beast barely misses you.
Your ice beast closely misses the ice beast.
You hit the ice beast. You squeeze the ice beast.
The ice beast is severely wounded.
The ice beast hits you.
* * * LOW HITPOINT WARNING * * *
The ice beast freezes you. You resist.
* * * LOW HITPOINT WARNING * * *
Your ice beast misses the ice beast.
It was a potion of mutation.
You feel extremely strange.
You feel resistant to heat.
You begin to recover more slowly from draining effects.
You feel a strange attunement to the structure of the dungeons.
The ice beast misses you.
Your ice beast hits the ice beast but does no damage.
It was a potion of enlightenment.
You feel very buoyant.
You fly up into the air.
The ice beast misses you.
Your ice beast barely misses the ice beast.
It was a potion of haste.
You feel yourself speed up. The ice beast hits you.
* * * LOW HITPOINT WARNING * * *
The ice beast freezes you. You resist.
You die...

#........#.# ####.##
##.##.>###.###.....#
#.##..+..∩.†'.##..#
######.#######.######..#
#......# #.##.#....#
#.###### ###+##.#.##.#
#.# ###.. #.#.##.# #.##
...####......#
...####.####.#.Y@...####
#.............Y######
##.####.####.### ##.#
,...# ##.# ##### ##.#
...# #### #


You could see an ice beast (ally target) and a friendly ice beast (summoned).

Vanquished Creatures
  A phantom (D:5)
  A scorpion (D:5)
  4 bombardier beetles
  A jelly (D:6)
  2 hounds (D:5)
  4 iguanas
  Robin (D:3)
  4 gnolls
  6 adders
  2 ufetubi (D:5)
  A dart slug (D:4)
  8 orcs
  6 bats
  7 endoplasms
  3 giant cockroaches
  18 goblins
  12 hobgoblins
  3 jackals (D:1)
  2 quokkas
  9 ball pythons
  4 frilled lizards
  7 kobolds
  6 rats
112 creatures vanquished.

Vanquished Creatures (collateral kills)
  A water moccasin (D:5)
  An ogre (D:5)
  A bombardier beetle (D:5)
3 creatures vanquished.

Grand Total: 115 creatures vanquished

Notes
Turn   | Place    | Note
-------+----------+-------------------------------------------
     0 | D:1      | BeKind the Octopode Ice Elementalist began the quest for
                  | the Orb.
     0 | D:1      | Reached XP level 1. HP: 11/11 MP: 3/3
   164 | D:1      | Reached XP level 2. HP: 17/17 MP: 3/5
   441 | D:1      | Reached XP level 3. HP: 21/21 MP: 6/6
  1223 | D:2      | Reached XP level 4. HP: 27/27 MP: 7/7
  1609 | D:3      | Found a burning altar of Makhleb.
  1621 | D:3      | Noticed Robin
  1669 | D:4      | Learned a level 3 spell: Frozen Ramparts
  1945 | D:3      | Killed Robin
  2042 | D:3      | Found Uwkemuis's Magic Scroll Shoppe.
  2080 | D:3      | HP: 1/27 [gnoll/+0 halberd (6)]
  2784 | D:4      | Reached XP level 5. HP: 31/31 MP: 9/9
  2788 | D:4      | Learned a level 3 spell: Summon Ice Beast
  3109 | D:3      | Reached skill level 1 in Summonings
  3501 | D:4      | Reached skill level 5 in Ice Magic
  3501 | D:4      | Reached XP level 6. HP: 36/36 MP: 10/10
  3579 | D:4      | Found Erofishro's Distillery.
  4422 | D:5      | Entered Level 5 of the Dungeon
  4720 | D:5      | Reached XP level 7. HP: 33/41 MP: 8/12
  5008 | D:5      | Found a sacrificial altar of Ru.
  5011 | D:5      | Found a broken altar of Ashenzari.
  5343 | D:5      | Reached skill level 5 in Dodging
  5343 | D:5      | Reached skill level 6 in Ice Magic
  5496 | D:6      | Reached XP level 8. HP: 43/46 MP: 9/14
  5620 | D:6      | Found Edaxic's Antique Weapon Shoppe.
  5788 | D:6      | Gained mutation: Your flesh is heat resistant. (rF+)
                  | [potion of mutation]
  5788 | D:6      | Gained mutation: Your health recovers twice as slowly from
                  | being drained. [potion of mutation]
  5788 | D:6      | Gained mutation: You passively map a small area around you.
                  | [potion of mutation]
  5790 | D:6      | Slain by an ice beast

Illustrated notes

Levels and vault maps discovered:
D:1:      dpeg_arrival_tiny_f, layout_loops_ring, grunt_decor_resistance,
          minmay_strange_pillars, kennysheep_doodads, minmay_pentomino_t2
D:2:      layout_basic
D:3:      minmay_diamond_boxcup, layout_basic, bloody_makhleb, serial_shops,
          shop, hex_medium, minmay_pentangle, uniq_robin
D:4:      layout_loops_corners, serial_shops, shop
D:5:      layout_loops_ring, jmf_multi_god_temple, grunt_ministairs_9
D:6:      layout_loops_cross, temple_fountains, serial_shops,
          nicolae_shop_hallway_plus, kennysheep_generic_room_6

Skill      XL: |  1  2  3  4  5  6  7 |
---------------+----------------------+-----
Stealth        | 3 |  3.0
Dodging        | 3 4 5 |  5.2
Spellcasting   | 3 4 |  4.6
Summonings     | 1 3 |  3.0
Ice Magic      | 5 6 |  6.2

Action                     |  1- 3 |  4- 6 |  7- 9 || total
---------------------------+-------+-------+-------++-------
  Melee: Unarmed           |    24 |       |       ||    24
         Tentacles         |    15 |    23 |     5 ||    43
         Constrict         |    18 |    25 |     4 ||    47
         Dagger            |    34 |    86 |    36 ||   156
   Cast: Freeze            |    14 |     2 |    10 ||    26
         Frozen Ramparts   |       |     6 |     1 ||     7
         Summon Ice Beast  |       |       |     5 ||     5
    Use: Potion            |       |     1 |     3 ||     4
         Scroll            |       |     1 |       ||     1
   Stab: Sleeping          |     7 |    14 |     3 ||    24
 Armour: Skin              |    40 |    57 |    18 ||   115
  Dodge: Dodged            |    42 |    57 |    18 ||   117

Table legend: (Time is in decaauts)
 A = Elapsed time spent in this place.
 B = Non-inter-level travel time spent in this place.
 C = Inter-level travel time spent in this place.
 D = Time resting spent in this place.
 E = Time spent auto-exploring this place.
 F = Levels seen in this place.
 G = Mean time per level.
                   A        B        C        D        E       F      G
               +--------+--------+--------+--------+--------+-----+--------+
         Total |   5791 |   5504 |    287 |    989 |   3699 |   6 |  965.2 |
       Dungeon |   5791 |   5504 |    287 |    989 |   3699 |   6 |  965.2 |
               +--------+--------+--------+--------+--------+-----+--------+

Top non-repeatable levels by time:
     D:4: 1275 daAuts
     D:2: 1191 daAuts
     D:3: 1068 daAuts
     D:5: 1065 daAuts
     D:1: 888 daAuts
     D:6: 301 daAuts
